 Dungeon Crawl Stone Soup version 0.30-a0-728-gc68057be0a (webtiles) character file.

Game seed: 2229672639257256112

4245 DEFE the Thaumaturge (level 10, -22/77 HPs)
             Began as a Djinni Wanderer on Jan 31, 2023.
             Was a Priest of Ashenzari.
             Annihilated by a death yak (23 damage)
             ... on level 8 of the Dungeon.
             The game lasted 00:12:06 (9675 turns).

DEFE the Thaumaturge (Djinni Wanderer)              Turns: 9675, Time: 00:12:06

Health: -22/77     AC:  8    Str:  7    XL:     10   Next: 56%
Gold:   130        EV: 11    Int: 27    God:    Ashenzari [***...] SH:  5 Dex: 14

rFire   + + .      SeeInvis +    z - +6 whip of the Chained Scepticism {antimagic, rN++ Str-2 Int+8 Stlth-, Fort, Melee} (curse)
rCold   x . .      Faith    .    (no shield)
rNeg    + + +      Spirit   .    E - +0 steam dragon scales "Gloom of Ashenzari" {Evo, Fort} (curse)
rPois   ∞          Reflect  +    (no helmet)
rElec   .          Harm     .    r - +0 cloak of the Distant Augur {Range, Evo} (curse)
rCorr   .          Rampage  .    H - +0 pair of gloves {Stlth+}
Will    +....      Clarity  +    (boots unavailable)
Stlth   +                        q - amulet of Ashenzari's Nihilism {Reflect SH+5, Evo, Self} (curse)
HPRegen 0.32/turn                d - ring "Astrological Gloom" {Wiz, Melee, Cun} (curse)
MPRegen 0.00/turn                w - ring of positive energy

@: flying, hasted, very quick
A: sickness immunity, fire resistance 2, cold vulnerability 1, float, innate
caster, HP casting, extra vitality 1
a: Renounce Religion, Shatter the Chains


You were on level 8 of the Dungeon.
You worshipped Ashenzari.
Ashenzari was most pleased with you.
You visited 1 branch of the dungeon, and saw 9 of its levels.
You also visited: Sewer.

You collected 399 gold pieces.
You spent 269 gold pieces at shops.

Inventory:

Hand Weapons
 a - a +2 falchion
 z - the cursed +6 whip of the Chained Scepticism (weapon) {antimagic, rN++ Str-2 Int+8 Stlth-, Fort, Melee}
   (You found it on level 3 of the Dungeon)

   Str:       It affects your strength (-2).
   Int:       It affects your intelligence (+8).
   rN:        It greatly protects you from negative energy.
   Stlth:     It makes you less stealthy.
   It has a curse which improves the following skills: Fortitude: Armour and
   Shields.
   Melee Combat: Short Blades, Long Blades, Axes, Maces & Flails, Polearms,
   Staves and Unarmed Combat.
Missiles
 J - 2 throwing nets
Armour
 b - a +0 scale mail
 r - the cursed +0 cloak of the Distant Augur (worn) {Range, Evo}
   (You found it on level 2 of the Dungeon)

   It has a curse which improves the following skills: Ranged Combat: Ranged
   Weapons and Throwing.
   Evocations: Evocations.
 A - a +0 ring mail of poison resistance
 E - the cursed +0 steam dragon scales "Gloom of Ashenzari" (worn) {Evo, Fort}
   (You found it on level 5 of the Dungeon)

   It has a curse which improves the following skills: Evocations: Evocations.
   Fortitude: Armour and Shields.
 G - a +2 robe of fire resistance
 H - a +0 pair of gloves of stealth (worn)
Magical Staves
 v - a staff of cold
Jewellery
 d - the cursed ring "Astrological Gloom" (left hand) {Wiz, Melee, Cun}
   (You found it on level 1 of the Dungeon)

   [ring of wizardry]

   It improves your spell success rate.
   It has a curse which improves the following skills: Melee Combat: Short
   Blades, Long Blades, Axes, Maces & Flails, Polearms, Staves and Unarmed
   Combat.
   Cunning:   Dodging and Stealth.
 q - the cursed amulet of Ashenzari's Nihilism (around neck) {Reflect SH+5, Evo, Self}
   (You found it on level 2 of the Dungeon)

   [amulet of reflection]

   It reflects blocked missile attacks.
   SH:        It affects your SH (+5).
   It has a curse which improves the following skills: Evocations: Evocations.
   Introspection: Fighting and Spellcasting.
 w - a ring of positive energy (right hand)
 x - a ring of ice
 B - a +6 ring of strength
 F - the ring "Wifinit" {rF+ MP+9 Str+3}
   (You found it on level 5 of the Dungeon)

   [ring of magical power]

   Str:       It affects your strength (+3).
   rF:        It protects you from fire.
   MP:        It affects your magic capacity (+9).
Wands
 p - a wand of flame (26)
 u - a wand of roots (5)
 y - a wand of charming (8)
Scrolls
 c - 6 scrolls of teleportation
 e - a scroll of immolation
 g - 11 scrolls of identify
 h - a scroll of enchant armour
 j - 3 scrolls of magic mapping
 k - 3 scrolls of enchant weapon
 o - 2 scrolls of vulnerability
 t - a scroll of noise
 C - a scroll of fear
 I - a scroll of summoning
 M - a scroll of fog
Potions
 f - a potion of brilliance
 l - a potion of magic
 m - a potion of ambrosia
 n - 4 potions of curing
 s - 2 potions of mutation
 D - 3 potions of flight
 K - a potion of berserk rage


   Skills:
 + Level 7.1(8.8) Fighting
 - Level 2.6(4.6) Long Blades
 - Level 3.0(5.1) Armour
 + Level 11.6(13.2) Spellcasting
 + Level 5.7(8.9) Evocations


You had 23 spell levels left.
You knew the following spells:

 Your Spells              Type           Power      Damage    Failure   Level
a - Apportation           Tloc           100%       N/A       0%          1
b - Gell's Gravitas       Tloc           73%        N/A       1%          3
c - Foxfire               Conj/Fire      100%       2x1d9     0%          1
d - Static Discharge      Conj/Air       100%       2-7/arc   0%          2
e - Blink                 Tloc           100%       N/A       0%          2
f - Mephitic Cloud        Conj/Pois/Air  73%        N/A       1%          3

Your spell library contained the following spells:

 Spells                   Type           Power      Damage    Failure   Level


Dungeon Overview and Level Annotations

Branches:
Dungeon (9/15)             Temple (0/1) D:7            Lair (0/5) D:8
  Sewer (visited)
    Orc: D:9-12

Altars:
Ashenzari
Gozag
Makhleb
Qazlal
Wu Jian

Shops:
D:1 *=   D:3 =(   D:4 (:[((   D:6 [   D:7 *


Innate Abilities, Weirdness & Mutations

You are immune to sickness and miasma.
You are immune to poison.
Your flesh is very heat resistant. (rF++)
You are vulnerable to cold. (rC-)
You float through the air rather than walking.
You learn spells naturally, not from books.
Your magical power is your life essence.
You have superior vitality. (+4 MHP)


Message History

You take 26 damage, and have 5/77 hp.
MASSIVE DAMAGE!!
Unknown command.
As you read the scroll of fear, it crumbles to dust.
You assume a fearsome visage.
The gnoll sergeant looks frightened!
The orc warrior looks frightened!
The two-headed ogre looks frightened!
Something bites your two-headed ogre.
Your two-headed ogre dies!
There is a stone staircase leading down here.
There is a stone staircase leading up here.
You fly upwards.
The death yak bellows! x2
The death yak gores you!
* * * LOW HITPOINT WARNING * * *
The death yak gores you but does no damage.
Found a scroll of teleportation.
There is a stone staircase leading down here.
You take 9 damage, and have 1/77 hp.
Unknown command.
Unknown command.
Unknown command.
Okay, then.
You don't have enough health to cast this spell.
Unknown command.
Okay, then.
Okay, then.
Okay, then.
You feel much better. The death yak gores you!!
* * * LOW HITPOINT WARNING * * *
You regained 5 hp, and now have 6/77 hp.
Unknown command.
Okay, then.
You feel much better.
The death yak gores you but does no damage.
You block the death yak's attack.
You regained 12 hp, and now have 18/77 hp.
You feel yourself speed up. The death yak gores you!!
* * * LOW HITPOINT WARNING * * *
The death yak gores you!!
You die...

*
,.............Y..........
#####.#..#####..........
***##.<..# ,, ....... *
...........##**. ...### ,
, ,.#####..#!#.##.. ... ,
* * #..$..... .., , *
#..#.#.##.. , #..YY.###?#
#..@......# ,
#.#...###.#* *,
#,##.....,, ,,......# * *
####.#. * *# * , * * * *,
, *


You could see 2 death yaks.

Vanquished Creatures
  2 two-headed ogres
  Maggie (D:6)
  Sigmund (D:6)
  A steam dragon (D:5)
  2 water moccasins
  An orc warrior (D:8)
  2 ice beasts (D:6)
  An ogre (D:7)
  A kobold brigand (D:9)
  6 bullfrogs
  4 wights
  4 hounds
  2 orc priests
  6 iguanas
  A hell rat (D:8)
  Natasha (D:2)
  5 orc wizards
  Robin (D:2)
  5 gnolls
  12 adders
  2 shadow imps
  An ufetubus (D:6)
  2 worms
  A dart slug (D:1)
  22 orcs
  9 bats
  12 endoplasms
  12 giant cockroaches
  16 goblins
  12 hobgoblins
  9 kobolds
  18 quokkas
  14 ball pythons
  14 frilled lizards
  5 rats
208 creatures vanquished.

Vanquished Creatures (collateral kills)
  Prince Ribbit (D:9)
  A yak (D:9)
  A kobold brigand (D:9)
  A howler monkey (D:9)
  An orc wizard (D:9)
5 creatures vanquished.

Vanquished Creatures (others)
  A two-headed ogre (D:9)
1 creature vanquished.

Grand Total: 214 creatures vanquished

Notes
Turn   | Place    | Note
-------+----------+-------------------------------------------
     0 | D:1      | DEFE the Djinni Wanderer began the quest for the Orb.
     0 | D:1      | DEFE set off with the following items: a +2 falchion, a +0
                  | scale mail, a scroll of teleportationthe following spells
                  | memorised: Apportation, Gell's Gravitas.
     0 | D:1      | Reached XP level 1. HP: 18/18 MP: 0/0
   143 | D:1      | Reached skill level 2 in Spellcasting
   252 | D:1      | Reached XP level 2. HP: 23/23 MP: 0/0
   466 | D:1      | Reached XP level 3. HP: 25/28 MP: 0/0
   466 | D:1      | Learned a level 1 spell: Foxfire
   715 | D:1      | Found Emuax's Jewellery Shoppe.
   846 | D:1      | Found Olozxoc's Assorted Antiques.
  1164 | D:2      | Reached skill level 3 in Spellcasting
  1178 | D:2      | Reached XP level 4. HP: 15/33 MP: 0/0
  1577 | D:2      | Noticed Robin
  1615 | D:2      | Killed Robin
  1910 | D:3      | Noticed Natasha
  1910 | D:3      | Found Kiecw's Weapon Shoppe.
  1924 | D:2      | Killed Natasha
  1925 | D:2      | Reached XP level 5. HP: 24/38 MP: 0/0
  1925 | D:2      | Learned a level 2 spell: Static Discharge
  2267 | D:3      | Found Xisora's Jewellery Shoppe.
  2417 | D:3      | Identified the +6 whip of Distraction {antimagic, rN++
                  | Str-2 Int+8 Stlth-}
  2476 | D:3      | Reached skill level 4 in Spellcasting
  2635 | D:3      | Reached XP level 6. HP: 40/43 MP: 0/0
  2670 | D:4      | Found Buonytuixka's Book Shoppe.
  3185 | D:4      | Found Baufiq's Antique Weapon Shoppe.
  3215 | D:4      | Reached skill level 5 in Spellcasting
  3379 | D:4      | Found Zoanore's Weapon Shoppe.
  3479 | D:4      | Found Fehuk's Antique Armour Shoppe.
  3817 | D:4      | Found Qosi's Weapon Emporium.
  3876 | D:5      | Entered Level 5 of the Dungeon
  3879 | D:5      | Reached XP level 7. HP: 49/49 MP: 0/0
  3879 | D:5      | Learned a level 2 spell: Blink
  3969 | D:5      | Found a broken altar of Ashenzari.
  3979 | D:5      | Reached skill level 6 in Spellcasting
  3988 | D:5      | Became a worshipper of Ashenzari the Shackled
  3995 | D:5      | Found an ornate altar of the Wu Jian Council.
  4295 | D:5      | Found a stormy altar of Qazlal.
  4410 | D:5      | Noticed a steam dragon
  4423 | D:5      | Killed a steam dragon
  4424 | D:5      | Reached skill level 7 in Spellcasting
  4777 | D:5      | Identified the ring "Wifinit" {rF+ MP+9 Str+3}
  4882 | D:5      | Noticed a water moccasin
  4887 | D:5      | Killed a water moccasin
  4888 | D:5      | Reached XP level 8. HP: 31/54 MP: 0/0
  5229 | D:6      | Noticed Sigmund
  5235 | D:6      | Killed Sigmund
  5236 | D:6      | Reached skill level 8 in Spellcasting
  5313 | D:6      | Found Ciawigaj's Antique Armour Boutique.
  5316 | D:6      | Bought a pair of runed gloves for 165 gold pieces
  5434 | D:6      | Found a glowing drain.
  5441 | Sewer    | Entered a sewer
  5593 | Sewer    | Reached skill level 9 in Spellcasting
  5645 | Sewer    | Reached * piety under Ashenzari
  6488 | D:6      | Reached XP level 9. HP: 47/62 MP: 0/0
  6488 | D:6      | Learned a level 3 spell: Mephitic Cloud
  6636 | D:6      | Noticed Maggie
  6656 | D:6      | Killed Maggie
  6657 | D:6      | Reached skill level 10 in Spellcasting
  6722 | D:6      | Found an opulent altar of Gozag.
  7411 | D:7      | Found Lihe Bui's General Store.
  7415 | D:7      | Found a staircase to the Ecumenical Temple.
  7426 | D:7      | Bought a potion of heal wounds for 65 gold pieces
  7426 | D:7      | Bought a scroll of teleportation for 39 gold pieces
  7458 | D:7      | Noticed a two-headed ogre
  7470 | D:7      | Killed a two-headed ogre
  7471 | D:7      | Reached skill level 5 in Fighting
  7774 | D:7      | Reached ** piety under Ashenzari
  7870 | D:7      | Reached *** piety under Ashenzari
  8032 | D:7      | Found a burning altar of Makhleb.
  8068 | D:7      | Identified the +0 robe of Patesubi {*Slow Fly rC+++ rCorr}
  8433 | D:8      | Reached skill level 11 in Spellcasting
  8433 | D:8      | Reached XP level 10. HP: 65/75 MP: 0/0
  8467 | D:8      | Noticed a death yak
  8469 | D:8      | Noticed a death yak
  8469 | D:8      | Noticed a death yak
  9095 | D:8      | Found a staircase to the Lair.
  9248 | D:9      | Noticed a two-headed ogre
  9255 | D:9      | Killed a two-headed ogre
  9256 | D:9      | Reached skill level 5 in Evocations
  9626 | D:9      | Identified the +4 quarterstaff of Amorality {spect, rElec
                  | rF- Dex+3 SInv}
  9628 | D:9      | Noticed Prince Ribbit
  9628 | D:9      | Noticed a two-headed ogre
  9643 | D:9      | Killed Prince Ribbit
  9653 | D:9      | Noticed a two-headed ogre
  9672 | D:8      | HP: 1/77 [death yak (10)]
  9675 | D:8      | Annihilated by a death yak

Illustrated notes

Levels and vault maps discovered:
D:1:      nzn_arrival_crosshair, layout_basic, serial_shops,
          nicolae_shop_overgrown_old_shop, shop, minmay_box_of_dots
D:2:      layout_basic, minmay_pentomino_u4, uniq_robin
D:3:      layout_basic, serial_shops,
          nicolae_shop_temple_entry_statues_fountains, shop, uniq_natasha
D:4:      layout_basic, serial_shops, nicolae_take_the_stairs,
          nicolae_stop_n_shop_2, shop_statue, kennysheep_little_box,
          nicolae_stop_n_shop_2
D:5:      layout_gridville, grunt_qazlal_clouds, amethyst_overflow_temple_binary
D:6:      layout_cave_pools, mainiacjoe_overflow_small_starburst, serial_shops,
          nicolae_shop_behind_doors, gup_sewer_entry_bubbles, roderic_lattice_a,
          kennysheep_decorative_pillar, uniq_maggie, uniq_sigmund
D:7:      layout_basic, mainiacjoe_overflow_six_doors_small, old_standard_altar,
          serial_shops, shop, minmay_crystal_water
D:8:      layout_loops_ring, overflow_temple_1_default, dpeg_lair_monsters,
          kennysheep_generic_room_3
D:9:      minmay_four_partial_circles, layout_loops_ring, lemuel_doored_altar,
          uniq_prince_ribbit1

Skill      XL: |  1  2  3  4  5  6  7  8  9 10 |
---------------+-------------------------------+-----
Spellcasting   | 2 3 4 5 7 9 11 | 11.6
Fighting       | 4 5 7 |  7.1
Evocations     | 4 5 |  5.7
Long Blades    | |  2.6
Armour         | |  3.0

Action                     |  1- 3 |  4- 6 |  7- 9 | 10-12 || total
---------------------------+-------+-------+-------+-------++-------
  Melee: Falchion          |    96 |    81 |       |       ||   177
         Whip              |       |    97 |   189 |    54 ||   340
         Punch             |       |       |     1 |     2 ||     3
   Cast: Static Discharge  |       |     7 |    47 |    18 ||    72
         Mephitic Cloud    |       |       |     3 |       ||     3
         Blink             |       |       |       |     3 ||     3
 Invoke: Curse Item        |       |       |     4 |     1 ||     5
  Evoke: Wand              |       |       |    13 |     6 ||    19
    Use: Potion            |     1 |       |     1 |     3 ||     5
         Scroll            |       |       |     3 |     2 ||     5
   Stab: Sleeping          |       |       |     2 |       ||     2
 Armour: Scale mail        |    66 |    73 |       |       ||   139
         Ring mail         |       |    14 |    12 |       ||    26
         Steam dragon scal |       |       |    57 |    16 ||    73
  Dodge: Dodged            |    43 |    53 |   116 |    35 ||   247
  Block: Other             |       |    42 |    55 |    14 ||   111
         Reflection        |       |     1 |       |       ||     1

Table legend: (Time is in decaauts)
 A = Elapsed time spent in this place.
 B = Non-inter-level travel time spent in this place.
 C = Inter-level travel time spent in this place.
 D = Time resting spent in this place.
 E = Time spent auto-exploring this place.
 F = Levels seen in this place.
 G = Mean time per level.
                   A        B        C        D        E       F      G
               +--------+--------+--------+--------+--------+-----+--------+
         Total |   9761 |   9487 |    274 |   3594 |   4281 |  10 |  976.1 |
       Dungeon |   9066 |   8792 |    274 |   3274 |   4116 |   9 | 1007.3 |
         Sewer |    694 |    694 |      0 |    320 |    165 |   1 |  694.0 |
               +--------+--------+--------+--------+--------+-----+--------+

Top non-repeatable levels by time:
     D:7: 1658 daAuts
     D:6: 1410 daAuts
     D:5: 1356 daAuts
     D:4: 1212 daAuts
     D:2: 1131 daAuts
     D:1: 983 daAuts
   Sewer: 694 daAuts
     D:3: 611 daAuts
     D:9: 444 daAuts
     D:8: 258 daAuts
